 Dungeon Crawl Stone Soup version 0.31-a0-152-g6aa68a64a1 (webtiles) character file.

Game seed: 6685160400770333202

100 qw the Shooter (level 4, -4/38 HPs)
             Began as a Minotaur Hunter on June 10, 2023.
             Slain by Terence
             ... wielding a +2 hand axe of electrocution
              (19 damage)
             ... on level 2 of the Dungeon.
             The game lasted 00:00:37 (1476 turns).

qw the Shooter (Minotaur Hunter)                    Turns: 1476, Time: 00:00:37

Health: -4/38      AC:  4    Str: 16    XL:     4   Next: 46%
Magic:  3/3        EV: 12    Int:  6    God:
Gold:   44         SH:  0    Dex: 15    Spells: 3/3 levels left

rFire   . . .        Y - +0 shortbow
rCold   . . .        (shield currently unavailable)
rNeg    . . .        c - +0 leather armour
rPois   .            (helmet restricted)
rElec   .            (no cloak)
rCorr   .            (no gloves)
SInv    .            h - +0 pair of boots
Will    .....        (no amulet)
Stlth   +            (no ring)
HPRegen 0.26/turn    (no ring)
MPRegen 0.08/turn

%: no passive effects
@: no status effects
A: horns 2, retaliatory headbutt
a: no special abilities


You were on level 2 of the Dungeon.
You visited 1 branch of the dungeon, and saw 2 of its levels.

You collected 44 gold pieces.


Innate Abilities, Weirdness & Mutations

You have a pair of horns on your head.
You reflexively headbutt those who attack you in melee.


   Skills:
 + Level 3.4 Fighting
 - Level 6.0 Ranged Weapons
 - Level 1.0 Armour
 - Level 2.1 Dodging
 - Level 0.7 Stealth


You had 3 spell levels left.
You didn't know any spells.
Your spell library was empty.

Inventory:

Hand Weapons
 Y - a +0 shortbow (weapon)
Armour
 c - a +0 leather armour (worn)
 h - a +0 pair of boots (worn)
 i - a +0 ring mail
Jewellery
 a - a ring of protection from cold
Scrolls
 d - 2 scrolls of poison {unknown}
Potions
 b - 2 potions of curing {unknown}
 e - a potion of enlightenment {unknown}
 f - a potion of heal wounds {unknown}
 g - a potion of invisibility {unknown}

Dungeon Overview and Level Annotations

Branches:
Dungeon (2/15)

Altars:
Nemelex Xobeh

Annotations:
D:2 Terence


Message History

Enter note:
Enter note:
Enter note:
Enter note:
Enter note: You shoot an arrow.
The arrow hits the rat.
You kill the rat!
Terence the Incautious comes into view.
He is wielding a +2 hand axe of electrocution.
Enter note:
Enter note:
Enter note:
Enter note:
Enter note:
Enter note:
Enter note:
Enter note:
Enter note: You shoot an arrow.
The arrow hits Terence.
Terence shouts!
Terence is moderately wounded.
You shoot an arrow. The arrow barely misses Terence.
You shoot an arrow. The arrow barely misses Terence.
You shoot an arrow.
The arrow hits Terence but does no damage.
Terence is moderately wounded.
Terence barely misses you. You furiously retaliate!
You headbutt Terence, but do no damage. You shoot an arrow.
The arrow closely misses Terence.
Terence barely misses you. You furiously retaliate!
You headbutt Terence. You shoot an arrow. The arrow completely misses Terence.
Terence barely misses you.
You shoot an arrow.
The arrow hits Terence but does no damage.
Terence is moderately wounded.
Terence hits you with a +2 hand axe of electrocution.
You are electrocuted!
Terence hits you with a +2 hand axe of electrocution.
You are electrocuted!!
Ouch! That really hurt!
You die...

............# #
..##....#..### .#
####.........##.#
#....####....######
#......##..# ....#
###....#.....# ....#
#.........##.### ....#
....#####.##...##@...#
..###...........@....#
####..#........##.?..#
..#..#.......... ....#
....#................#
##.##............#####
##.##............#
#.###..........##
#..###.........#
###.#.....###.#


You could see Terence.

Vanquished Creatures
  Robin (D:2)
  2 adders (D:2)
  A gnoll (D:1)
  2 worms (D:2)
  2 dart slugs
  5 ball pythons
  3 bats
  2 endoplasms
  A giant cockroach (D:1)
  4 hobgoblins
  A quokka (D:1)
  4 frilled lizards (D:1)
  11 goblins
  5 kobolds
  6 rats
50 creatures vanquished.

Notes
Turn   | Place    | Note
-------+----------+-------------------------------------------
     0 | D:1      | qw the Minotaur Hunter began the quest for the Orb.
     0 | D:1      | Reached XP level 1. HP: 18/18 MP: 0/0
     0 | D:1      | 0 ||| qw: Version: 0.2-a-122-gbc61b45
     0 | D:1      | 0 ||| qw: Game counter: 3583
     0 | D:1      | 0 ||| qw: Always use a shield: true
     0 | D:1      | 0 ||| qw: God list: Okawaru
     0 | D:1      | 0 ||| qw: Allow faded altars: false
     0 | D:1      | 0 ||| qw: Do Orc after D:15 true
     0 | D:1      | 0 ||| qw: Do second Lair branch before Depths: true
     0 | D:1      | 0 ||| qw: Lair rune preference: random
     0 | D:1      | 0 ||| qw: Plans: Normal
     0 | D:1      | 0 ||| PLANNING D:1-11
    71 | D:1      | 71 ||| FLEEEEING.
    72 | D:1      | 72 ||| FLEEEEING.
    73 | D:1      | 73 ||| FLEEEEING.
    92 | D:1      | 92 ||| FLEEEEING.
    93 | D:1      | 93 ||| FLEEEEING.
    94 | D:1      | 94 ||| FLEEEEING.
   220 | D:1      | Reached XP level 2. HP: 25/25 MP: 1/1
   253 | D:1      | Reached skill level 5 in Ranged Weapons
   545 | D:1      | Reached skill level 3 in Fighting
   642 | D:1      | Reached XP level 3. HP: 10/31 MP: 2/2
   969 | D:1      | 969 ||| UPGRADING to +0 pair of boots.
   974 | D:1      | 974 ||| READING scroll labelled JAOTTU KAGI.
   975 | D:1      | 975 ||| READING scroll labelled VEUMUD RAELIL.
   976 | D:1      | 976 ||| READING scroll labelled VEITIN UM KOI.
   980 | D:1      | 980 ||| DRINKING 2 bubbling white potions.
  1008 | D:1      | 1008 ||| DROPPING scroll of butterflies.
  1009 | D:1      | 1009 ||| DROPPING potion of lignification.
  1149 | D:2      | Found a sparkling altar of Nemelex Xobeh.
  1246 | D:2      | Reached XP level 4. HP: 38/38 MP: 3/3
  1267 | D:2      | Reached skill level 6 in Ranged Weapons
  1305 | D:2      | Noticed Robin
  1309 | D:2      | 1309 ||| Stepping ~*~*~tactically~*~*~ (outnumbered).
  1325 | D:2      | Reached skill level 1 in Armour
  1329 | D:2      | HP: 7/38 [Robin/puff of flame (8)]
  1330 | D:2      | Killed Robin
  1469 | D:2      | Noticed Terence
  1476 | D:2      | Slain by Terence

Levels and vault maps discovered:
D:1:      dpeg_arrival_snail, layout_loops_corners
D:2:      layout_rooms, basic_altar, uniq_robin, uniq_terence

Skill      XL: |  1  2  3  4 |
---------------+-------------+-----
Ranged Weapons | 5 6 |  6.0
Fighting       | 3 |  3.4
Armour         | 1 |  1.0
Dodging        | |  2.1
Stealth        | |  0.7

Action                     |  1- 3 |  4- 6 || total
---------------------------+-------+-------++-------
   Fire: Shortbow          |   101 |    37 ||   138
    Use: Scroll            |     3 |       ||     3
         Potion            |     1 |       ||     1
 Armour: Leather armour    |     5 |     3 ||     8
  Dodge: Dodged            |    23 |    19 ||    42

Table legend:
 A = Non-vault XP
 B = Vault XP
 C = Vault XP percentage of total XP
 D = Non-vault monster count
 E = Vault monster count
 F = Vault count percentage of total count
                 A         B        C        D         E       F
            +---------+---------+-------+---------+---------+-------
      Total |     107 |      36 |  25.2 |      39 |      11 |  22.0
            +---------+---------+-------+---------+---------+-------
        D:1 |      49 |       0 |   0.0 |      23 |       0 |   0.0
        D:2 |      58 |      36 |  38.3 |      16 |      11 |  40.7
            +---------+---------+-------+---------+---------+-------
